 Dungeon Crawl Stone Soup version 0.17-a0-1798-g879a7aa (webtiles) character file.

528 ololoev the Conjurer (level 7, 47/50 HPs)
             Began as a White Draconian Conjurer on Sept 10, 2015.
             Quit the game on level 4 of the Dungeon.
             The game lasted 00:12:27 (4659 turns).

ololoev the Conjurer (White Draconian Conjurer)     Turns: 4659, Time: 00:12:28

Health: 47/50      AC:  8    Str: 11    XL:     7   Next: 3%
Magic:  8/13       EV: 12    Int: 17    God:
Gold:   134        SH:  0    Dex: 11    Spells: 2 memorised, 11 levels left

rFire  . . .     SeeInvis +     m - +0 quarterstaff
rCold  + . .     Clarity  .     (armour unavailable)
rNeg   . . .     SustAt   .     (no shield)
rPois  .         Gourm    .     q - +1 hat
rElec  .         Spirit   .     (no cloak)
rCorr  .         Warding  .     (no gloves)
rMut   .         Stasis   .     s - +0 pair of boots
MR     +....                    (no amulet)
Stlth  ++........               c - ring of protection from magic
                                l - ring of see invisible

@: somewhat resistant to hostile enchantments, unstealthy
A: breathe frost, unfitting armour, cold resistance 1, cold-blooded, AC +6
a: Breathe Frost


Innate Abilities, Weirdness & Mutations

You can breathe waves of freezing cold.
You can buffet flying creatures when you breathe cold.
Your icy white scales are hard (AC +6).
Your body does not fit into most forms of armour.
Your flesh is cold resistant.
You are cold-blooded and may be slowed by cold attacks.

Inventory:

Hand weapons
 m - a +0 quarterstaff (weapon)
Armour
 q - a +1 hat (worn)
 s - a +0 pair of boots (worn)
Jewellery
 c - a ring of protection from magic (right hand)
 l - a ring of see invisible (left hand)
Scrolls
 e - a scroll of remove curse {unknown}
 f - a scroll of enchant armour {unknown}
 h - a scroll of fear {unknown}
 j - a scroll of recharging {unknown}
 o - a scroll of immolation {unknown}
 p - 2 scrolls of teleportation {unknown}
 r - a scroll of fog {unknown}
Potions
 d - a potion of brilliance {unknown}
 g - a potion of cure mutation {unknown}
 t - a potion of poison {unknown}
Books
 a - a book of Conjurations

   Spells                             Type                      Level
   a - Magic Dart                     Conjuration                  1
   b - Searing Ray                    Conjuration                  2
   c - Dazzling Spray                 Conjuration/Hexes            3
   d - Fulminant Prism                Conjuration/Hexes            4
   e - Iskenderun's Mystic Blast      Conjuration                  4
   f - Iskenderun's Battlesphere      Conjuration/Charms           5
Comestibles
 b - 2 bread rations
 i - a beef jerky
 k - 2 slices of pizza
 n - 2 meat rations


   Skills:
 - Level 1.7 Dodging
 - Level 1.7 Stealth
 + Level 4.3 Spellcasting
 * Level 7.3 Conjurations


You had 11 spell levels left.
You knew the following spells:

 Your Spells              Type           Power        Failure   Level  Hunger
a - Magic Dart            Conj           ####         1%          1    None
b - Searing Ray           Conj           ####..       1%          2    ##.....


You were on level 4 of the Dungeon.
You were very hungry.

You visited 1 branch of the dungeon, and saw 4 of its levels.

You collected 134 gold pieces.

#..# ##.# ##.# ...# #..#
...# ### ..## ##.## #
#.########## ##...#.####
..##.......# #..@......#
#.##.#####.####...#.##.#
#.#..............#..)..
#.#..#####.####.#.#....
..#..#####.# ##.##..#.#
###........# ## .# .
##.######## # #...#
##...#####

Notes
Turn   | Place    | Note
--------------------------------------------------------------
     0 | D:1      | ololoev the Draconian Conjurer began the quest for the Orb.
     0 | D:1      | Reached XP level 1. HP: 14/14 MP: 3/3
   333 | D:1      | Reached XP level 2. HP: 20/20 MP: 0/5
   337 | D:1      | Learned a level 2 spell: Searing Ray
  1029 | D:1      | Reached XP level 3. HP: 26/26 MP: 6/6
  1494 | D:2      | Noticed Robin
  1718 | D:2      | Reached skill level 5 in Conjurations
  1723 | D:2      | Killed Robin
  1905 | D:2      | Reached XP level 4. HP: 26/33 MP: 3/8
  1963 | D:2      | Found an opulent altar of Gozag.
  2149 | D:2      | Found a faded altar to an unknown god.
  3584 | D:4      | Noticed an air elemental
  3586 | D:4      | Found a stormy altar of Qazlal.
  3587 | D:4      | Reached XP level 5. HP: 38/38 MP: 7/9
  3677 | D:4      | Noticed Cenon's ghost (average VSTm)
  3680 | D:4      | Noticed Sigmund
  3839 | D:4      | Reached skill level 6 in Conjurations
  4023 | D:4      | Killed Sigmund
  4023 | D:4      | Reached XP level 6. HP: 26/45 MP: 1/12
  4172 | D:4      | Noticed a fire elemental
  4174 | D:4      | Noticed a water elemental
  4298 | D:4      | Reached skill level 7 in Conjurations
  4658 | D:4      | Your scales start taking on an icy white colour.
  4658 | D:4      | Gained mutation: Your flesh is cold resistant. [White Draconian growth]
  4658 | D:4      | Reached XP level 7. HP: 47/50 MP: 9/13
  4659 | D:4      | Quit the game

Dungeon Overview and Level Annotations

Branches:
Dungeon (4/15)
 Temple: D:4-7

Altars:
Gozag
Qazlal

Annotations:
D:4 Cenon's ghost, average VSTm


Message History

Things that are here:
a club; a leather armour You start resting.
Magic restored.
t - a silvery potion
Found 9 sling bullets.
p - 2 scrolls labeled SEJOF YHILI (gained 1) HP restored.
u - a blackened bronze ring
Found 21 stones.
Put on which piece of jewellery? (? for menu, Esc to quit)
You're wearing all the rings you can.
Remove which one? (? for menu, Esc to cancel) < or
l - a ring of see invisible > or
c - a ring of protection from magic You remove your ring of see invisible.
You feel more attuned to fire.
u - a ring of fire (left hand)
You remove your ring of fire.
You drop an uncursed ring of fire.
Put on which piece of jewellery? (? for menu, Esc to quit)
l - a ring of see invisible (left hand)
Found a mace.
A hound comes into view.
Casting: Magic Dart
Confirm with . or Enter, or press ? or * to list all spells.
Aiming: Searing Ray
Press: ? - help, Shift-Dir - straight line, f - hound
Aim: a hound (resting)
The searing ray hits the hound.
The hound is moderately wounded.
The hound barks!
The searing ray hits the hound.
The hound is severely wounded.
The hound bites you.
The searing ray hits the hound.
You kill the hound!
You have reached level 7!
Your scales start taking on an icy white colour.
You feel resistant to cold.
Are you sure you want to abandon this character and quit the game? (Confirm with "yes".)

There were no monsters in sight!

Vanquished Creatures
  Sigmund (D:4)
  A water moccasin skeleton (D:4)
  A hound (D:4)
  An orc priest (D:4)
  2 orc wizards (D:4)
  A giant frog skeleton (D:4)
  A worker ant (D:4)
  Robin (D:2)
  4 adders
  5 worms
  5 giant geckos
  3 orcs (D:4)
  3 ball pythons
  3 giant cockroaches
  12 goblins
  13 hobgoblins
  6 kobolds
  A quokka (D:4)
  4 bats
  2 giant newts
  5 jackals (D:3)
  7 rats
82 creatures vanquished.

Action                   |  1- 3 |  4- 6 |  7- 9 || total
-------------------------+-------+-------+-------++-------
Melee: Unarmed           |     8 |       |       ||     8
       Dagger            |    45 |     3 |       ||    48
       Quarterstaff      |       |    57 |       ||    57
 Cast: Magic Dart        |    40 |    16 |       ||    56
       Searing Ray       |     8 |    21 |       ||    29
 Stab: Sleeping          |     1 |       |       ||     1
  Eat: Chunk             |     4 |     8 |       ||    12

Vault maps used:
D:1:      lightli_arrival_boilingwater, minmay_shallow_snake_nest
D:2:      grunt_gozag_statues, ecumenical_altar_2, uniq_robin
D:3:      first_bread
D:4:      nicolae_qazlal_style_of_elements, uniq_sigmund
